 Dungeon Crawl Stone Soup version 0.25-a0-482-g9b3b753f3f (webtiles) character file.

Game seed: 15641816826150391218, levelgen mode: deterministic

20324 RedPan the Cruncher (level 12, -3/97 HPs)
             Began as a Gnoll Wanderer on Feb 10, 2020.
             Was an Elder of Makhleb.
             Slain by a death yak (16 damage)
             ... on level 4 of the Lair of Beasts.
             The game lasted 00:34:51 (14527 turns).

RedPan the Cruncher (Gnoll Wanderer)               Turns: 14527, Time: 00:34:52

Health: -3/97      AC: 15    Str: 18    XL:     12   Next: 78%
Magic:  23/23      EV: 15    Int: 17    God:    Makhleb [****..]
Gold:   486        SH: 11    Dex: 14    Spells: 19/26 levels left

rFire    . . .     SeeInvis .   z - +2 demon blade (drain)
rCold    + . .     Gourm    .   B - +0 buckler
rNeg     + . .     Faith    .   j - +2 ring mail {rC+}
rPois    .         Spirit   .   v - +0 helmet
rElec    .         Reflect  +   E - +1 cloak
rCorr    .         Harm     .   c - +0 pair of gloves
MR       .....                  L - +0 pair of boots
Stlth    +++.......             h - +5 amulet of reflection
HPRegen  0.26/turn              r - ring of positive energy
MPRegen  0.18/turn              x - ring of wizardry

@: no status effects
A: distributed training, fangs 1, strong nose
a: Minor Destruction, Lesser Servant of Makhleb, Major Destruction, Renounce
Religion


You were on level 4 of the Lair of Beasts.
You worshipped Makhleb.
Makhleb was greatly pleased with you.
You were hungry.

You visited 3 branches of the dungeon, and saw 16 of its levels.

You collected 762 gold pieces.
You spent 276 gold pieces at shops.

Inventory:

Hand Weapons
 z - a +2 demon blade of draining (weapon)
Armour
 c - a +0 pair of gloves (worn)
 j - a +2 ring mail of cold resistance (worn)
 v - a +0 helmet (worn)
 B - a +0 buckler (worn)
 E - a +1 cloak (worn)
 F - a +0 shield
 L - a +0 pair of boots (worn)
Jewellery
 h - a +5 amulet of reflection (around neck)
 m - an uncursed amulet of regeneration
 r - a ring of positive energy (left hand)
 t - an uncursed ring of ice
 x - a ring of wizardry (right hand)
 y - an uncursed ring of fire
Wands
 l - a wand of clouds (6)
 u - a wand of digging (7)
 w - a wand of flame (8)
Scrolls
 a - 2 scrolls of remove curse
 e - 6 scrolls of teleportation
 i - 4 scrolls of fog
 q - 2 scrolls of amnesia
 A - a scroll of fear
 C - 4 scrolls of identify
 J - a scroll of enchant armour
Potions
 b - 2 potions of haste
 d - 7 potions of curing
 g - 3 potions of resistance
 k - 2 potions of might
 n - a potion of agility
 o - a potion of mutation
 p - 2 potions of flight
 s - 3 potions of heal wounds
 D - a potion of ambrosia
 H - a potion of lignification
 I - a potion of berserk rage
Miscellaneous
 K - a lamp of fire
Comestibles
 f - 26 rations
 G - 10 chunks of flesh


   Skills:
 + Level 10.0 Fighting
 + Level 7.5 Short Blades
 + Level 7.5 Long Blades
 + Level 7.5 Axes
 + Level 7.5 Maces & Flails
 + Level 7.5 Polearms
 + Level 10.0 Staves
 + Level 7.5 Slings
 + Level 7.5 Bows
 + Level 7.5 Crossbows
 + Level 8.0 Throwing
 + Level 7.5 Armour
 + Level 8.0 Dodging
 + Level 7.5 Stealth
 + Level 8.0 Shields
 + Level 8.0 Unarmed Combat
 + Level 7.5 Spellcasting
 + Level 6.2 Conjurations
 + Level 6.2 Hexes
 + Level 6.2 Charms
 + Level 6.2 Summonings
 + Level 6.2 Necromancy
 + Level 6.2 Translocations
 + Level 6.2 Transmutations
 + Level 6.2 Fire Magic
 + Level 6.2 Ice Magic
 + Level 6.2 Air Magic
 + Level 6.2 Earth Magic
 + Level 6.2 Poison Magic
 + Level 8.2 Invocations
 + Level 7.5 Evocations


You had 19 spell levels left.
You knew the following spells:

 Your Spells              Type           Power        Failure   Level  Hunger
a - Summon Ice Beast      Ice/Summ       ####....     6%          4    ####...
b - Mephitic Cloud        Conj/Pois/Air  ####....     1%          3    ##.....

Your spell library contained the following spells:

 Spells                   Type           Power        Failure   Level  Hunger
 Magic Dart               Conj           ####         1%          1    None
 Summon Small Mammal      Summ           ####         1%          1    None
 Blink                    Tloc           N/A          1%          2    None
 Call Imp                 Summ           ####....     1%          2    None
 Slow                     Hex            ####....     1%          2    None
 Call Canine Familiar     Summ           ####....     1%          3    ##.....
 Conjure Flame            Conj/Fire      ####....     1%          3    ##.....
 Summon Guardian Golem    Hex/Summ       ####....     1%          3    ##.....
 Summon Lightning Spire   Summ/Air       ####....     6%          4    ####...


Dungeon Overview and Level Annotations

Branches:
Dungeon (11/15)            Temple (1/1) D:6            Lair (4/6) D:11
  Swamp (0/4) Lair:2        Snake (0/4) Lair:3          Orc (0/2) D:10

Altars:
Ashenzari
Cheibriados
Dithmenos
Elyvilon
Fedhas
Gozag
Hepliaklqana
Kikubaaqudgha
Makhleb
Nemelex Xobeh
Okawaru
Qazlal
Ru
Sif Muna
Trog
Uskayaw
Vehumet
Wu Jian
Xom
Yredelemnul
Zin
The Shining One

Shops:
D:4 =   D:6 *

Annotations:
D:10 3 runed translucent doors, exclusion: ice statue, ijan1's ghost, novice DDGl
D:11 3 runed translucent doors, Emblim88's ghost, novice TrMo; Roikka's ghost, journeyman MiFi; astraldaughter's ghost, journeyman DEFE


Innate Abilities, Weirdness & Mutations

Your experience applies equally to all skills.
You have very sharp teeth.
Your uncanny sense of smell can sniff out nearby items.


Message History

* * * LOW HITPOINT WARNING * * *
You slash the death yak! You drain the death yak.
The death yak is moderately wounded.
The ice encasing you melts away. The death yak gores you!
* * * LOW HITPOINT WARNING * * *
You slash the death yak!
The death yak is heavily wounded.
You block the death yak's attack.
You hit the death yak but do no damage.
The death yak is heavily wounded.
The death yak closely misses you.
You hit the death yak.
The death yak is heavily wounded.
The death yak gores you!
* * * LOW HITPOINT WARNING * * *
You hit the death yak. You drain the death yak.
The death yak is severely wounded.
The death yak gores you!
You die...

#...8...# #.......#∆
#.8...8.# #..$....#
##$..8Y..###
#[.Y.YY.Y..#
#SYY.#.#YkY.#####
YY.(...#Y##YY...#.##
.##Y..#F.#@#..8.'.(#
....##..#####..#.##
.#... #### #..#..#
#.. ##.....# ...
##....### ##...### #
#..÷.# #.. #..P##
##.. #.###


You could see a death yak, 3 yaks and a rime drake.

Vanquished Creatures
  A hydra (D:11)
  A two-headed ogre (D:8)
  2 death yaks (Lair:4)
  Pikel (D:7)
  2 elephants (Lair:3)
  A spiny frog (Lair:2)
  2 komodo dragons (Lair:1)
  A queen bee (Lair:1)
  A troll (D:11)
  4 blink frogs (Lair:4)
  2 tyrant leeches (Lair:2)
  Grinder (D:4)
  Prince Ribbit (D:7)
  8 hippogriffs
  12 yaks
  A hungry ghost (D:11)
  A swamp worm (Lair:2)
  2 nagas (Lair:3)
  A soldier ant (D:11)
  5 porcupines
  3 water moccasins
  2 sky beasts
  3 slaves (D:7)
  An eye of draining (D:10)
  2 ice beasts
  7 black bears
  8 orc warriors
  A necrophage (D:6)
  4 phantoms
  8 wolves
  4 ogres
  4 crocodiles
  A centaur (D:9)
  9 bullfrogs
  A gnoll sergeant (D:10)
  A water moccasin zombie (D:8)
  3 scorpions
  32 killer bees
  5 wights (D:11)
  2 centaur zombies
  A crimson imp (D:11)
  5 hounds
  2 quasits
  A jelly (D:6)
  A bullfrog zombie (D:11)
  3 orc priests
  A bullfrog skeleton (D:8)
  An iguana (D:10)
  2 centaur skeletons
  5 orc wizards
  A killer bee zombie (D:6)
  10 worker ants
  A hound zombie (D:7)
  2 worker ant zombies
  Robin (D:4)
  10 adders
  8 gnolls
  A howler monkey skeleton (D:11)
  5 shadow imps
  2 oozes (D:1)
  An adder skeleton (D:4)
  2 worms
  2 dart slugs (D:1)
  6 leopard geckos
  30 orcs
  6 giant cockroaches
  18 goblins
  12 hobgoblins
  4 jackals
  A quokka (D:11)
  5 ball pythons
  11 bats
  3 frilled lizards
  10 kobolds
  A leopard gecko zombie (D:5)
  6 rats
332 creatures vanquished.

Vanquished Creatures (collateral kills)
  A hydra (Lair:3)
  A two-headed ogre (D:11)
  3 elephants (Lair:3)
  A troll (D:9)
  A blink frog (Lair:4)
  4 yaks (D:11)
  An ogre (D:10)
  2 wolves (Lair:3)
  2 big kobolds (D:10)
  2 gnoll sergeants (D:10)
  A bullfrog (D:11)
  7 killer bees
  A crimson imp (D:10)
  2 orcs (D:10)
29 creatures vanquished.

Vanquished Creatures (others)
  36 fungi
  15 plants (D:11)
51 creatures vanquished.

Grand Total: 412 creatures vanquished

Notes
Turn   | Place    | Note
-------+----------+-------------------------------------------
     0 | D:1      | RedPan the Gnoll Wanderer began the quest for the Orb.
     0 | D:1      | RedPan set off with the following items: a +0 quarterstaff,
                  | a potion of haste, a potion of berserk rage, a potion of
                  | curing, a +0 robe, a ration
     0 | D:1      | Reached XP level 1. HP: 23/23 MP: 1/1
    95 | D:1      | Reached XP level 2. HP: 8/29 MP: 2/2
   515 | D:1      | Reached XP level 3. HP: 35/35 MP: 3/3
   673 | D:1      | Reached skill level 1 in Invocations
   862 | D:1      | Reached skill level 1 in Short Blades
   862 | D:1      | Reached skill level 1 in Long Blades
   862 | D:1      | Reached skill level 1 in Axes
   862 | D:1      | Reached skill level 1 in Maces & Flails
   862 | D:1      | Reached skill level 1 in Polearms
   862 | D:1      | Reached skill level 1 in Slings
   862 | D:1      | Reached skill level 1 in Bows
   862 | D:1      | Reached skill level 1 in Crossbows
   862 | D:1      | Reached skill level 1 in Armour
   862 | D:1      | Reached skill level 1 in Stealth
   862 | D:1      | Reached skill level 1 in Spellcasting
   862 | D:1      | Reached skill level 1 in Evocations
   978 | D:1      | Reached XP level 4. HP: 41/41 MP: 5/5
  1060 | D:2      | Found a snail-covered altar of Cheibriados.
  1533 | D:3      | Reached skill level 1 in Conjurations
  1533 | D:3      | Reached skill level 1 in Hexes
  1533 | D:3      | Reached skill level 1 in Charms
  1533 | D:3      | Reached skill level 1 in Summonings
  1533 | D:3      | Reached skill level 1 in Necromancy
  1533 | D:3      | Reached skill level 1 in Translocations
  1533 | D:3      | Reached skill level 1 in Transmutations
  1533 | D:3      | Reached skill level 1 in Fire Magic
  1533 | D:3      | Reached skill level 1 in Ice Magic
  1533 | D:3      | Reached skill level 1 in Air Magic
  1533 | D:3      | Reached skill level 1 in Earth Magic
  1533 | D:3      | Reached skill level 1 in Poison Magic
  1836 | D:3      | Reached XP level 5. HP: 46/47 MP: 6/6
  2226 | D:4      | Found Kunoryul's Jewellery Emporium.
  2462 | D:4      | Noticed a phantom
  2463 | D:4      | Noticed Robin
  2485 | D:4      | Killed Robin
  2504 | D:4      | Killed a phantom
  2504 | D:4      | Reached XP level 6. HP: 51/53 MP: 8/8
  2677 | D:4      | Noticed Grinder
  2691 | D:4      | Killed Grinder
  2691 | D:4      | Reached XP level 7. HP: 59/59 MP: 8/10
  2989 | D:5      | Entered Level 5 of the Dungeon
  3850 | D:6      | Reached XP level 8. HP: 66/67 MP: 12/12
  4076 | D:6      | Found a staircase to the Ecumenical Temple.
  4083 | D:6      | Found Kemoub's Assorted Antiques.
  4088 | Temple   | Entered the Ecumenical Temple
  4345 | Temple   | Became a worshipper of Makhleb the Destroyer
  4380 | D:6      | Bought a shiny ring mail for 161 gold pieces
  5070 | D:6      | Bought a scratched glass ring for 115 gold pieces
  5152 | D:7      | Noticed a hippogriff
  5153 | D:7      | Noticed Prince Ribbit
  5190 | D:6      | Killed a hippogriff
  5277 | D:7      | Killed Prince Ribbit
  5277 | D:7      | Reached XP level 9. HP: 63/73 MP: 14/14
  5318 | D:7      | Noticed Pikel
  5359 | D:7      | Killed Pikel
  5359 | D:7      | Reached skill level 5 in Throwing
  5359 | D:7      | Reached skill level 5 in Dodging
  5359 | D:7      | Reached skill level 5 in Shields
  5359 | D:7      | Reached skill level 5 in Unarmed Combat
  5518 | D:7      | Found a burning altar of Makhleb.
  5933 | D:8      | Noticed a two-headed ogre
  5959 | D:8      | Killed a two-headed ogre
  5959 | D:8      | Reached skill level 5 in Invocations
  5959 | D:8      | Reached XP level 10. HP: 7/80 MP: 15/17
  6134 | D:8      | Reached * piety under Makhleb
  6352 | D:8      | Reached skill level 5 in Short Blades
  6352 | D:8      | Reached skill level 5 in Long Blades
  6352 | D:8      | Reached skill level 5 in Axes
  6352 | D:8      | Reached skill level 5 in Maces & Flails
  6352 | D:8      | Reached skill level 5 in Polearms
  6352 | D:8      | Reached skill level 5 in Slings
  6352 | D:8      | Reached skill level 5 in Bows
  6352 | D:8      | Reached skill level 5 in Crossbows
  6352 | D:8      | Reached skill level 5 in Armour
  6352 | D:8      | Reached skill level 5 in Stealth
  6352 | D:8      | Reached skill level 5 in Spellcasting
  6352 | D:8      | Reached skill level 5 in Evocations
  6444 | D:8      | You fall into a shaft and drop 2 floors!
  6444 | D:10     | Entered Level 10 of the Dungeon
  7676 | D:9      | Found an ancient bone altar of Kikubaaqudgha.
  7691 | D:9      | Reached ** piety under Makhleb
  8054 | D:9      | Learned a level 4 spell: Summon Ice Beast
  8701 | D:10     | Found a snail-covered altar of Cheibriados.
  8785 | D:10     | Found a staircase to the Orcish Mines.
  8840 | D:10     | Reached XP level 11. HP: 65/87 MP: 10/19
  9579 | D:10     | Found a runed translucent gate.
  9579 | D:10     | Found a runed translucent gate.
  9579 | D:10     | Found a runed translucent gate.
  9580 | D:10     | Noticed ijan1's ghost (novice DDGl)
  9580 | D:10     | Identified the cursed +0 short sword of the Peculiar Coins
                  | {drain, rPois rN++ MR-}
  9858 | D:11     | Reached *** piety under Makhleb
  9949 | D:11     | Reached skill level 5 in Conjurations
  9949 | D:11     | Reached skill level 5 in Hexes
  9949 | D:11     | Reached skill level 5 in Charms
  9949 | D:11     | Reached skill level 5 in Summonings
  9949 | D:11     | Reached skill level 5 in Necromancy
  9949 | D:11     | Reached skill level 5 in Translocations
  9949 | D:11     | Reached skill level 5 in Transmutations
  9949 | D:11     | Reached skill level 5 in Fire Magic
  9949 | D:11     | Reached skill level 5 in Ice Magic
  9949 | D:11     | Reached skill level 5 in Air Magic
  9949 | D:11     | Reached skill level 5 in Earth Magic
  9949 | D:11     | Reached skill level 5 in Poison Magic
  9985 | D:11     | Found a runed translucent gate.
  9985 | D:11     | Found a runed translucent gate.
  9985 | D:11     | Found a runed translucent gate.
  9986 | D:11     | Noticed Roikka's ghost (journeyman MiFi)
 10345 | D:11     | Found a staircase to the Lair.
 10391 | D:11     | Noticed an eight-headed hydra
 10417 | D:11     | Killed a nine-headed hydra
 10810 | D:11     | Noticed a two-headed ogre
 10822 | D:11     | Killed a two-headed ogre
 11354 | D:11     | Noticed Emblim88's ghost (novice TrMo)
 11355 | D:11     | Noticed astraldaughter's ghost (journeyman DEFE)
 11399 | Lair:1   | Entered Level 1 of the Lair of Beasts
 11749 | Lair:1   | Reached **** piety under Makhleb
 11864 | Lair:1   | Reached XP level 12. HP: 46/96 MP: 22/22
 12028 | Lair:1   | Learned a level 3 spell: Mephitic Cloud
 13445 | Lair:2   | Found a staircase to the Swamp.
 13689 | Lair:3   | Found a staircase to the Snake Pit.
 13915 | Lair:3   | Noticed a seven-headed hydra
 13930 | Lair:3   | Killed a seven-headed hydra
 14470 | Lair:4   | Noticed a death yak
 14471 | Lair:4   | Noticed a death yak
 14484 | Lair:4   | Reached ***** piety under Makhleb
 14485 | Lair:4   | Noticed a death yak
 14504 | Lair:4   | Killed a death yak
 14518 | Lair:4   | Killed a death yak
 14518 | Lair:4   | Reached skill level 10 in Fighting
 14518 | Lair:4   | Reached skill level 10 in Staves
 14527 | Lair:4   | Slain by a death yak

Levels and vault maps discovered:
D:1:      matt_arrival_diagonals, layout_basic, grunt_decor_fettered
D:2:      layout_rooms, lemuel_crystal_altar, kennysheep_generic_room_5
D:3:      layout_loops_ring
D:4:      layout_gridville, serial_shops, shop, minmay_quantized, uniq_grinder,
          uniq_robin
D:5:      layout_loops_ring, first_ration, kennysheep_windowed_goal
D:6:      layout_loops_corners, minmay_temple_entry_tees, serial_glass,
          glass_columns_b, glass_columns_a, serial_shops,
          nicolae_shop_overgrown_old_shop, chequers_serial_rivers_micro_c
D:7:      layout_cave_pools, basic_altar, uniq_prince_ribbit1, uniq_pikel
D:8:      layout_gridville
D:9:      layout_long_grid, basic_altar
D:10:     cheibrodos_frozen_isle, layout_rooms,
          kennysheep_orc_monster_closet_entryway, basic_altar,
          gammafunk_ghost_nasty_kobolds
D:11:     layout_loops_ring, due_lair_maze_entry_diamond,
          gammafunk_ghost_cemetery
Temple:   nicolae_temple_the_god_donut
Lair:1:   layout_roguey [special_room_bee], special_room
Lair:2:   layout_layer_cave, minmay_swamp_entry_worms
Lair:3:   layout_cave_shapes, guppyfry_snake_entry_garden, special_room
Lair:4:   layout_loops_ring, grunt_megastairs_4, lemuel_fruit_fields

Skill      XL: |  1  2  3  4  5  6  7  8  9 10 11 12 |
---------------+-------------------------------------+-----
Invocations    | 1 2 3 4 5 6 7 8 |  8.2
Short Blades   | 1 2 3 4 5 6 7 |  7.5
Long Blades    | 1 2 3 4 5 6 7 |  7.5
Axes           | 1 2 3 4 5 6 7 |  7.5
Maces & Flails | 1 2 3 4 5 6 7 |  7.5
Polearms       | 1 2 3 4 5 6 7 |  7.5
Slings         | 1 2 3 4 5 6 7 |  7.5
Bows           | 1 2 3 4 5 6 7 |  7.5
Crossbows      | 1 2 3 4 5 6 7 |  7.5
Armour         | 1 2 3 4 5 6 7 |  7.5
Stealth        | 1 2 3 4 5 6 7 |  7.5
Spellcasting   | 1 2 3 4 5 6 7 |  7.5
Evocations     | 1 2 3 4 5 6 7 |  7.5
Conjurations   | 1 2 3 4 5 6 |  6.2
Hexes          | 1 2 3 4 5 6 |  6.2
Charms         | 1 2 3 4 5 6 |  6.2
Summonings     | 1 2 3 4 5 6 |  6.2
Necromancy     | 1 2 3 4 5 6 |  6.2
Translocations | 1 2 3 4 5 6 |  6.2
Transmutations | 1 2 3 4 5 6 |  6.2
Fire Magic     | 1 2 3 4 5 6 |  6.2
Ice Magic      | 1 2 3 4 5 6 |  6.2
Air Magic      | 1 2 3 4 5 6 |  6.2
Earth Magic    | 1 2 3 4 5 6 |  6.2
Poison Magic   | 1 2 3 4 5 6 |  6.2
Throwing       | 3 4 5 6 7 8 |  8.0
Dodging        | 3 4 5 6 7 8 |  8.0
Shields        | 3 4 5 6 7 8 |  8.0
Unarmed Combat | 3 4 5 6 7 8 |  8.0
Fighting       | 7 8 9 10 | 10.0
Staves         | 7 8 9 10 | 10.0

Action                   |  1- 3 |  4- 6 |  7- 9 | 10-12 || total
-------------------------+-------+-------+-------+-------++-------
Melee: Quarterstaff      |    92 |   192 |   324 |   208 ||   816
       Bite              |     6 |    25 |    39 |   127 ||   197
       Demon blade       |       |       |       |   710 ||   710
 Cast: Summon Ice Beast  |       |       |       |    41 ||    41
       Mephitic Cloud    |       |       |       |     8 ||     8
Invok: Lesser Servant of |       |       |       |     7 ||     7
       Major Destruction |       |       |       |     1 ||     1
  Use: Scroll            |     2 |    12 |     2 |    10 ||    26
       Potion            |       |     1 |     3 |     6 ||    10
 Stab: Sleeping          |     2 |     1 |     1 |    10 ||    14
       Distracted        |       |       |       |     3 ||     3
       Confused          |       |       |       |     5 ||     5
  Eat: Chunk             |       |     6 |    10 |    26 ||    42
       Ration            |       |       |       |     3 ||     3
Armor: Robe              |    11 |    20 |       |       ||    31
       Scale mail        |       |    47 |    65 |       ||   112
       Ring mail         |       |       |    54 |   270 ||   324
Dodge: Dodged            |    64 |   117 |   177 |   522 ||   880
Block: Buckler           |       |       |       |   449 ||   449
       Other             |       |       |       |     8 ||     8
       Reflection        |       |       |       |     5 ||     5
       Rpst.: Demon blade |       |       |       |   101 ||   101

Table legend:
 A = Non-vault XP
 B = Vault XP
 C = Vault XP percentage of total XP
 D = Non-vault monster count
 E = Vault monster count
 F = Vault count percentage of total count
                 A         B        C        D         E       F
            +---------+---------+-------+---------+---------+-------
      Total |   22775 |    6260 |  21.6 |     276 |      82 |  22.9
            +---------+---------+-------+---------+---------+-------
        D:1 |      83 |       0 |   0.0 |      34 |       0 |   0.0
        D:2 |      33 |       3 |   8.3 |      16 |       2 |  11.1
        D:3 |      82 |       0 |   0.0 |      18 |       0 |   0.0
        D:4 |     215 |     485 |  69.3 |       8 |      18 |  69.2
        D:5 |     133 |       2 |   1.5 |      10 |       1 |   9.1
        D:6 |    1147 |       0 |   0.0 |      25 |       0 |   0.0
        D:7 |     751 |     910 |  54.8 |      14 |       2 |  12.5
        D:8 |    2345 |       0 |   0.0 |      30 |       0 |   0.0
        D:9 |    1252 |     216 |  14.7 |      22 |       1 |   4.3
       D:10 |    1792 |    1018 |  36.2 |      19 |      18 |  48.6
       D:11 |    4256 |    1026 |  19.4 |      33 |       9 |  21.4
     Lair:1 |    2570 |    1676 |  39.5 |      15 |      26 |  63.4
     Lair:2 |    1705 |     604 |  26.2 |       9 |       3 |  25.0
     Lair:3 |    3207 |     320 |   9.1 |      13 |       2 |  13.3
     Lair:4 |    3204 |       0 |   0.0 |      10 |       0 |   0.0
            +---------+---------+-------+---------+---------+-------
